 Dungeon Crawl Stone Soup version 0.18-a0-20-gaede791 (webtiles) character file.

80 Arkorax the Poker (level 4, -3/35 HPs)
             Began as a Merfolk Gladiator on Nov 2, 2015.
             Slain by Crazy Yiuf
             ... wielding a +4 quarterstaff of chaos
              (12 damage)
             ... on level 2 of the Dungeon.
             The game lasted 00:05:12 (1689 turns).

Arkorax the Poker (Merfolk Gladiator)               Turns: 1689, Time: 00:05:12

Health: -3/35      AC:  7    Str: 16    XL:     4   Next: 39%
Magic:  4/4        EV: 12    Int:  7    God:
Gold:   112        SH:  0    Dex: 14    Spells: 0 memorised, 3 levels left

rFire  . . .     SeeInvis .     a - +0 trident
rCold  . . .     Clarity  .     i - +0 ring mail
rNeg   . . .     SustAt   .     (no shield)
rPois  .         Gourm    .     c - +0 helmet
rElec  .         Spirit   .     o - +0 cloak
rCorr  .         Warding  .     (no gloves)
rMut   .         Stasis   .     (no boots)
MR     .....                    m - amulet of rage
Stlth  +.........               (no ring)
                                (no ring)

@: not resistant to hostile enchantments, very unstealthy
A: change form in water, swift swim
a: Evoke Berserk Rage


You were on level 2 of the Dungeon.
You were hungry.

You visited 1 branch of the dungeon, and saw 2 of its levels.

You collected 112 gold pieces.

Inventory:

Hand Weapons
 a - a +0 trident (weapon)
Missiles
 d - 3 throwing nets (quivered)
Armour
 b - a +0 leather armour
 c - a +0 helmet (worn)
 g - a +0 chain mail
 i - a +0 ring mail (worn)
 n - a +0 plate armour
 o - a +0 cloak (worn)
Jewellery
 m - an amulet of rage (around neck)
Scrolls
 h - 2 scrolls of amnesia {unknown}
 k - 2 scrolls of identify {unknown}
Potions
 l - a potion of heal wounds {unknown}
 p - a potion of curing {unknown}
Comestibles
 e - 2 bread rations
 f - a slice of pizza
 j - a fruit


   Skills:
 * Level 3.1 Fighting
 + Level 6.6 Polearms
 - Level 2.0 Throwing
 - Level 4.0 Dodging
 - Level 0.5 Stealth


You had 3 spell levels left.
You didn't know any spells.

Dungeon Overview and Level Annotations

Branches:
Dungeon (2/15)

Altars:
Makhleb
Nemelex Xobeh

Annotations:
D:2 Crazy Yiuf


Message History

Crazy Yiuf is lightly wounded.
Crazy Yiuf closely misses you.
You hit Crazy Yiuf.
Crazy Yiuf is heavily wounded.
Crazy Yiuf completely misses you.
You hit Crazy Yiuf.
Crazy Yiuf is severely wounded.
Crazy Yiuf hits you with a quarterstaff of chaos.
Space warps horribly around you!
Ouch! That really hurt!
* * * LOW HITPOINT WARNING * * *
You are too injured to fight recklessly!
You are too injured to fight recklessly!
You are too injured to fight recklessly!
You are too injured to fight recklessly!
You are too injured to fight recklessly!
You hit Crazy Yiuf.
Crazy Yiuf is almost dead.
Crazy Yiuf hits you with a quarterstaff of chaos!
You die...

##.# #..### #.... #..# #
♣♣##..# ..# ♣♣)#)).# #.#
...g♣♣♣♣P)))..####.# ########
♣..♣.P))))..g@..#####......###
♣♣♣.♣.P#..####..#.............
♣♣♣♣♣##.# #........####.##.
#.# ##.#.##### #.... #######
####.#####.#.# ####.
#.....###............# #.
......[......#####.### #.
#.....########
#.#############. #.(...####...
#.#.............


You could see Crazy Yiuf.

Vanquished Creatures
  Robin (D:2)
  4 oozes
  A worm (D:2)
  4 giant cockroaches
  12 goblins
  12 hobgoblins
  A ball python (D:1)
  5 bats
  A giant newt (D:1)
  3 kobolds (D:1)
  3 rats (D:1)
47 creatures vanquished.

Notes
Turn   | Place    | Note
--------------------------------------------------------------
     0 | D:1      | Arkorax the Merfolk Gladiator began the quest for the Orb.
     0 | D:1      | Reached XP level 1. HP: 16/16 MP: 1/1
   321 | D:1      | Reached skill level 5 in Polearms
   321 | D:1      | Reached XP level 2. HP: 21/23 MP: 2/2
   493 | D:1      | Found a sparkling altar of Nemelex Xobeh.
   742 | D:1      | Reached XP level 3. HP: 28/28 MP: 3/3
  1019 | D:2      | Noticed Robin
  1058 | D:2      | Killed Robin
  1058 | D:2      | Reached skill level 6 in Polearms
  1063 | D:2      | Reached XP level 4. HP: 10/35 MP: 4/4
  1413 | D:2      | Found a burning altar of Makhleb.
  1413 | D:2      | Noticed a balrug
  1416 | D:2      | Noticed a smoke demon
  1416 | D:2      | Noticed a smoke demon
  1669 | D:2      | Noticed Crazy Yiuf
  1689 | D:2      | Slain by Crazy Yiuf

Vault maps used:
D:1:      lightli_arrival_lavapool, serial_forest, infiniplex_forest_lined_ring,
          infiniplex_forest_end_3, infiniplex_forest_lined_3,
          infiniplex_forest_end_1, infiniplex_forest_clump_double,
          infiniplex_forest_lined_2, infiniplex_forest_lined_room_,
          minmay_misc_feat_plants, nemelex_altar_shiori
D:2:      makhleb_altar_promises_db, first_bread, grunt_ministairs_15,
          minmay_stone_trees_medium, uniq_robin, uniq_crazy_yiuf_cottage

Action                   |  1- 3 |  4- 6 || total
-------------------------+-------+-------++-------
Melee: Trident           |    92 |    66 ||   158
 Stab: Sleeping          |     2 |       ||     2
  Eat: Chunk             |       |     2 ||     2
